 BcadrenCrawl: Boulder Brew version 0.05.21-27-ga03c02ce52 (webtiles) character file.

Game seed: 17105675578544329041, levelgen mode: deterministic

2697 protoss039 the Thaumaturge (level 9, -1/47 HPs) Deep Elf Earth Elementalist. Began on July 10, 2021. Was an Initiate of Sif Muna. Killed by blast of rock fragments (30 damage) ... on level 4 of the Dungeon. The game lasted 00:19:20 (4399 turns).

protoss039 the Thaumaturge (DEEE)                   Turns: 4399, Time: 00:19:21

Health: -1/47      AC:  4    Str:  5    XL:     9 ^: 1674
Magic:  9/25       EV: 18    Int: 24    God:    Sif Muna [0* [28]]
Gold:   210        SH:  2    Dex: 15    Spells: 14/29 levels left

rFire    . . .     Vision   .   a - +0 dagger
rCold    . . .     Gourm    .   k - +0 buckler
rNeg     . . .     Faith    .   b - +0 robe
rCorr    . . .     Spirit   .   (no helmet)
rPois    .         Reflect  .   q - +0 cloak
rElec    .         Harm     .   (no gloves)
MR       .....                  v - +0 pair of boots
Stlth    +++.......             (no amulet)
HPRegen  0.25/turn              f - ring of evasion
MPRegen  0.35/turn              r - ring of stealth

@: studying Maces & Staves
A: no striking features
a: Renounce Religion


You were on level 4 of the Dungeon.
You worshipped Sif Muna.
Sif Muna was noncommittal.
You were very hungry.

You visited 2 branches of the dungeon, and saw 5 of its levels.

You collected 210 gold pieces.

Inventory:

Weapons
 a - a +0 dagger (weapon) Shields
 k - a +0 buckler (shield)
Armour
 b - a +0 robe (worn)
 q - a +0 cloak (worn)
 v - a +0 pair of boots (worn)
 B - a +1 pair of boots
Jewellery
 f - a ring of evasion (left hand)
 o - an uncursed ring of ice
 r - a ring of stealth (right hand)
Scrolls
 e - 5 scrolls of teleportation
 g - a scroll of bless item
 h - 2 scrolls of fog
 p - 3 scrolls of fear
 s - a scroll of enchantment
 w - a scroll of blinking
 y - a scroll of summoning
Potions
 d - 4 potions of curing
 j - a potion of mutation
 l - a potion of heal wounds
 m - a potion of agility
 n - a potion of brilliance
 t - a potion of resistance
 u - a potion of might
 z - a potion of cancellation
 C - a potion of invisibility
Miscellaneous
 i - a phial of floods
 x - a lantern of shadows
 A - a fan of gales
Comestibles
 c - 9 rations


   Skills:
 * Level 1.3 Fighting
 - Level 2.5 Dodging
 - Level 2.5 Stealth
 - Level 4.0 Shields
 + Level 10.8 Spellcasting
 - Level 2.0 Transmutations
 + Level 9.3 Earth Magic
 * Level 1.9 Invocations


You had 14 spell levels left.
You knew the following spells:

 Your Spells              Type           Power        Failure   Level  Hunger
a - Sandblast             Erth           50 (50)      1%          1    None
b - Passwall              Tmut/Erth      40 (120)     1%          2    None
c - Stone Arrow           Erth           50 (50)      1%          3    None
d - Petrify               Tmut/Erth      40 (100)     4%          4    None
e - Lee's Rapid Deconstr  Erth           55 (200)     3%          5    ####...
f - Methodical Deconstru  Erth           55 (200)     3%          5    ####...

Your spell library contained the following spells:

 Spells                   Type           Power        Failure   Level  Hunger


Dungeon Overview and Level Annotations

Branches:
Dungeon (4/8)              Temple (1/1) D:4

Altars:
Ashenzari
Cheibriados
Dithmenos
Elyvilon
Fedhas Madash
Gozag Ym Sagoz
Hepliaklqana
Makhleb
Nemelex Xobeh
Okawaru
Qazlal
Ru
Sif Muna
Trog
Uskayaw
Vehumet
Wu Jian
Xom
Yredelemnul
Zin
The Shining One

Shops:
D:3 !


Message History

That beam is likely to hit you.
Continue anyway?
Okay, then.
Okay, then.
Unknown command.
Unknown command.
Casting: Lee's Rapid Deconstruction (safe; 3% risk of failure)
Confirm with . or Enter, or press ? or * to list all spells.
Aiming: Lee's Rapid Deconstruction (safe; 3% risk of failure)
Press: ? - help, Dir - move target cursor The wall shatters!
The blast of rock fragments hits the dream sheep (25)!!
You kill the dream sheep!
Sif Muna accepts your kill.
The blast of rock fragments hits the yak (16)!
The yak is almost dead. (3/40) HP The blast of rock fragments hits the dream sheep (20)!!
The dream sheep is almost dead. (1/21) HP The blast of rock fragments hits you (30)!!
Ouch! That really hurt!
You die...

........##†..#+###'''##
........##...#.≈P...%.#
###'##########P≈≈..P..#
#..# #≈≈P%....# ##.##
#P≈).%?..# #..#
#PP≈†Y.≈.# #.####
####.†#### .....#
#...Y.# .....# #.)@Y.#
.....# #####.....#
.....# ###..†....†.#
.....###...###.....#
.....##..### #.....#
........## #.....#
.....#### #######
######


You could see 2 yaks and a dream sheep.

Vanquished Creatures
  A dream sheep (D:4)
  2 soldier ants (D:3)
  An ice beast (D:4)
  3 ogres
  A redback zombie (D:4)
  Blork the orc (D:2)
  6 big kobolds
  2 bullfrogs (D:4)
  A howler monkey (D:3)
  2 killer bees (D:3)
  A crimson imp (D:4)
  4 hounds
  2 jellies (D:2)
  4 iguanas (D:3)
  8 worker ants
  10 giant cockroaches
  A bullfrog zombie (D:4)
  A bullfrog skeleton (D:4)
  A shadow imp (D:3)
  5 adders
  34 sewer rats
  5 cinder newts
  7 worms
  2 oozes (D:2)
  5 leopard geckos
  An adder skeleton (D:2)
  A ball python (D:2)
  6 goblins (D:1)
  2 hobgoblins (D:1)
  22 kobolds
  2 quokkas (D:4)
  4 bats
  A bat skeleton (D:2)
  A goblin skeleton (D:2)
  6 rats (D:1)
  A plant (D:4)
  6 withered plants (D:2)
163 creatures vanquished.

Vanquished Creatures (others)
  A leopard gecko (D:2)
  A ball python (D:2)
  A bat (D:2)
  A bat skeleton (D:2)
  2 kobolds (D:2)
  A giant blowfly (D:2)
  64 withered plants (D:2)
71 creatures vanquished.

Grand Total: 234 creatures vanquished

Notes
Turn   | Place    | Note
-------+----------+-------------------------------------------
     0 | D:1      | protoss039 the Deep Elf Earth Elementalist began the quest
                  | for the Orb.
     0 | D:1      | Reached XP level 1. HP: 10/10 MP: 6/6
   133 | D:1      | Reached XP level 2. HP: 15/15 MP: 5/8
   385 | D:1      | Reached XP level 3. HP: 19/19 MP: 10/10
   489 | D:1      | Reached skill level 4 in Spellcasting
   508 | D:1      | Reached XP level 4. HP: 24/24 MP: 7/12
   775 | D:1      | Learned a level 2 spell: Passwall
   779 | D:1      | Learned a level 3 spell: Stone Arrow
   784 | D:1      | Learned a level 4 spell: Petrify
   793 | D:1      | Reached skill level 5 in Spellcasting
   793 | D:1      | Reached skill level 5 in Earth Magic
   793 | D:1      | Reached XP level 5. HP: 27/28 MP: 0/14
   977 | D:2      | Reached skill level 1 in Shields
  1001 | D:2      | Reached XP level 6. HP: 23/32 MP: 0/16
  1044 | D:2      | Reached skill level 6 in Spellcasting
  1203 | D:2      | Noticed Blork the orc
  1234 | D:2      | Learned a level 5 spell: Lee's Rapid Deconstruction
  1240 | D:2      | Learned a level 5 spell: Methodical Deconstruction
  1270 | D:2      | Killed Blork the orc
  1358 | D:2      | Reached XP level 7. HP: 36/36 MP: 4/19
  1471 | D:2      | Identified the cursed ring "Fooqol" {*Slow +Blink MP-9 EV+5
                  | Str+10, (Curse: rC-)}
  1502 | D:2      | Reached skill level 7 in Spellcasting
  2806 | D:3      | Reached skill level 8 in Spellcasting
  2817 | D:3      | Reached XP level 8. HP: 41/41 MP: 2/22
  3151 | D:3      | Reached skill level 9 in Spellcasting
  3282 | D:3      | Found Aqou's Distillery.
  3427 | D:3      | Found a runed translucent door.
  3428 | D:3      | Found a runed translucent door.
  3769 | D:3      | Reached skill level 10 in Spellcasting
  3989 | D:4      | Reached XP level 9. HP: 45/45 MP: 17/25
  4007 | D:4      | Found a staircase to the Ecumenical Temple.
  4017 | Temple   | Entered the Ecumenical Temple
  4081 | Temple   | Became a worshipper of Sif Muna the Loreminder
  4170 | D:4      | Reached skill level 1 in Invocations
  4309 | D:4      | Found a hazy altar of Hepliaklqana.
  4309 | D:4      | Found a shadowy altar of Dithmenos.
  4317 | D:4      | Found a sacrificial altar of Ru.
  4325 | D:4      | Found a basalt altar of Yredelemnul.
  4327 | D:4      | Found an ornate altar of the Wu Jian Council.
  4386 | D:4      | Reached skill level 1 in Fighting
  4399 | D:4      | Killed by blast of rock fragments

Levels and vault maps discovered:
D:1:      eino_arrival_druids_welcome, layout_loops_ring, minmay_checkerbox,
          gup_sewer_entry_spiral
D:2:      layout_sewer, uniq_blork_the_orc
D:3:      lemuel_insect_pit, layout_basic, serial_shops,
          nicolae_shop_waterfront, first_ration
D:4:      layout_roguey, chequers_temple_overflow_minitemple,
          minmay_temple_entry_drinking_statues, hangedman_ranch
          [blue_anna_fruit_fields]
Temple:   nicolae_temple_x_marks_the_god

Skill      XL: |  1  2  3  4  5  6  7  8  9 |
---------------+----------------------------+-----
Earth Magic    | 4 5 6 7 8 9 |  9.3
Spellcasting   | 4 5 6 8 10 | 10.8
Shields        | 1 2 3 4 |  4.0
Transmutations | 2 |  2.0
Invocations    | 1 |  1.9
Fighting       | 1 |  1.3
Dodging        | |  2.5
Stealth        | |  2.5

Action                   |  1- 3 |  4- 6 |  7- 9 || total
-------------------------+-------+-------+-------++-------
Melee: Dagger            |    19 |    25 |    40 ||    84
       Unarmed           |    15 |    25 |    37 ||    77
 Cast: Sandblast         |    29 |    68 |    74 ||   171
       Stone Arrow       |       |    15 |    49 ||    64
       Lee's Rapid Decon |       |     2 |    15 ||    17
       Petrify           |       |     1 |     2 ||     3
       Passwall          |       |       |     2 ||     2
 Stab: Sleeping          |     2 |     2 |       ||     4
  Eat: Chunk             |       |     2 |    13 ||    15
Armor: Robe              |       |     3 |     6 ||     9
Dodge: Dodged            |    23 |    59 |    42 ||   124
